 Dungeon Crawl Stone Soup version 0.23-a0-316-g6773f7a52e (webtiles) character file.

13106 Flugkiller the Destroyer (level 12, 0/70 HPs)
             Began as a Tengu Fire Elementalist on Oct 14, 2018.
             Was an Elder of Vehumet.
             Slain by a torpor snail (21 damage)
             ... on level 2 of the Lair of Beasts.
             The game lasted 00:27:54 (15653 turns).

Flugkiller the Destroyer (Tengu Fire Elementalist) Turns: 15653, Time: 00:27:54

Health: 0/70       AC:  8    Str:  9    XL:     12   Next: 2%
Magic:  19/27      EV: 16    Int: 20    God:    Vehumet [****..]
Gold:   777        SH:  0    Dex: 15    Spells: 17/31 levels left

rFire    + . .     SeeInvis .   v - +2 dagger (venom)
rCold    . . .     Gourm    .   (no shield)
rNeg     . . .     Faith    .   Q - +1 leather armour {rF+}
rPois    .         Spirit   .   (helmet restricted)
rElec    .         Reflect  .   (no cloak)
rCorr    +         Harm     .   n - +2 pair of gloves
MR       +....                  (boots unavailable)
Stlth    ++........             F - amulet of regeneration
HPRegen  0.61/turn              f - ring of protection from magic
MPRegen  0.20/turn              a - ring of resist corrosion

@: slowed, very slow
A: beak, talons 3, able to fly 1
a: Fly, Renounce Religion


You were on level 2 of the Lair of Beasts.
You worshipped Vehumet.
Vehumet was greatly pleased with you.
You were not hungry.

You visited 2 branches of the dungeon, and saw 13 of its levels.
You also visited: Sewer.

You collected 871 gold pieces.
You spent 94 gold pieces at shops.

Inventory:

Hand Weapons
 g - a +0 trident
 v - a +2 dagger of venom (weapon)
 B - a +0 blowgun
Missiles
 C - 93 poisoned needles
Armour
 n - a +2 pair of gloves (worn)
 Q - a +1 leather armour of fire resistance (worn)
Jewellery
 a - a ring of resist corrosion (right hand)
 f - a ring of protection from magic (left hand)
 w - an uncursed ring of protection from magic
 F - an amulet of regeneration (around neck)
 N - an uncursed ring of see invisible
Wands
 i - a wand of paralysis (26)
 m - a wand of clouds (8)
 I - a wand of flame (40)
 J - a wand of acid (11)
 K - a wand of iceblast (16)
Scrolls
 d - a scroll of enchant weapon
 j - a scroll of magic mapping
 k - 4 scrolls of teleportation
 o - 4 scrolls of immolation
 q - a scroll of fear
 y - a scroll of blinking
 A - a scroll of fog
 E - a scroll of enchant armour
 G - 6 scrolls of remove curse
 L - a scroll of noise {unknown}
 M - a scroll of random uselessness {unknown}
 O - a scroll of amnesia {unknown}
Potions
 b - a potion of agility
 e - 6 potions of mutation
 h - 5 potions of curing
 l - 2 potions of berserk rage
 p - 4 potions of heal wounds
 s - a potion of resistance
 u - 2 potions of lignification
 x - 2 potions of invisibility
 z - 3 potions of might
 D - 2 potions of brilliance
 H - 2 potions of haste
Comestibles
 c - 18 rations
 r - 4 chunks of flesh


   Skills:
 - Level 6.0 Fighting
 + Level 5.5 Armour
 + Level 6.9 Dodging
 - Level 2.0 Stealth
 - Level 10.0 Spellcasting
 + Level 10.5 Conjurations
 + Level 10.4 Fire Magic
 - Level 2.2 Air Magic


You had 17 spell levels left.
You knew the following spells:

 Your Spells              Type           Power        Failure   Level  Hunger
a - Flame Tongue          Conj/Fire      #####        1%          1    None
b - Shock                 Conj/Air       ####         1%          1    None
c - Conjure Flame         Conj/Fire      ######..     1%          3    None
d - Sticky Flame          Conj/Fire      ######..     1%          4    ##.....
e - Fireball              Conj/Fire      ######....   1%          5    ####...

Your spell library contained the following spells:

 Spells                   Type           Power        Failure   Level  Hunger
 Force Lance              Conj/Tloc      ####....     3%          4    ##.....
 Throw Flame              Conj/Fire      ######       1%          2    None
 Dazzling Spray           Conj/Hex       ####..       1%          3    None
 Inner Flame              Hex/Fire       ####....     1%          3    None
 Corona                   Hex            ##.....      9%          1    None
 Ensorcelled Hibernation  Hex/Ice        ##....       14%         2    None
 Confuse                  Hex            ##......     26%         3    None
 Tukima's Dance           Hex            ##......     26%         3    None


Dungeon Overview and Level Annotations

Branches:
Dungeon (11/15)            Temple (0/1) D:7            Lair (2/6) D:8
    Orc (0/2) D:9
  Swamp: Lair:2-4    Shoals: Lair:2-4     Snake: Lair:2-4    Spider: Lair:2-4

Altars:
Cheibriados
Fedhas
Gozag
Nemelex Xobeh
Qazlal
Ru
Uskayaw
Vehumet
Wu Jian
Xom
Yredelemnul
Beogh

Shops:
D:5 =*?=   D:8 *

Annotations:
D:7 2 transporters
D:9 exclusion: upstairs


Innate Abilities, Weirdness & Mutations

You have a beak for a mouth.
You have claws for feet.
You can fly.


Message History

The torpor snail burns! x2; The torpor snail stops burning.
The torpor snail bites you!!
Casting: Sticky Flame (safe; 1% risk of failure)
Confirm with . or Enter, or press ? or * to list all spells.
Aiming: Flame Tongue (safe; 1% risk of failure)
Press: ? - help, Shift-Dir - straight line, f/p - torpor snail
Aim: a torpor snail (severely wounded)
The flame tongue hits the torpor snail.
The torpor snail is almost dead.
The torpor snail bites you!!
* * * LOW HITPOINT WARNING * * *
Casting: Flame Tongue (safe; 1% risk of failure)
Confirm with . or Enter, or press ? or * to list all spells.
Aiming: Flame Tongue (safe; 1% risk of failure)
Press: ? - help, Shift-Dir - straight line, f/p - torpor snail
Aim: a torpor snail (almost dead)
The flame tongue hits the torpor snail.
The torpor snail appears unharmed.
The torpor snail is almost dead.
The torpor snail bites you!!
You die...

### ### ## ##
###.####.####### #.####
P###.P.##.##.##.#.##...#P.#
.....................$.$.$..
............>..<............
............................
................@w..........
............................
............................
............................
............................
..##.#.....####P####...#.##.
..####.##### ### ##### #
...# ### ..##


You could see a torpor snail.

Vanquished Creatures
  Erica (D:9)
  A glowing orange brain (shapeshifter) (D:10)
  Pikel (D:7)
  A centaur zombie (D:10)
  3 spiny frogs
  A hornet (D:10)
  Prince Ribbit (D:9)
  3 hippogriffs
  16 yaks
  Grum (D:9)
  6 water moccasins
  A porcupine (Lair:2)
  7 ice beasts
  5 sky beasts
  2 slaves (D:6)
  6 orc warriors
  4 ogres
  A phantom (D:4)
  4 wolves (D:9)
  5 centaurs
  A necrophage (D:9)
  2 crocodiles (Lair:1)
  2 big kobolds
  11 bullfrogs
  3 scorpions
  8 wights (D:8)
  7 electric eels (D:10)
  6 crimson imps
  A bullfrog zombie (D:5)
  A quasit (D:10)
  5 hounds
  8 orc wizards
  A centaur skeleton (D:7)
  8 orc priests
  A bullfrog skeleton (D:4)
  3 jellies
  3 iguanas
  10 worker ants
  A hound skeleton (D:4)
  A hound zombie (D:9)
  4 gnolls
  A howler monkey skeleton (D:4)
  10 adders
  A shadow imp (D:5)
  An adder zombie (D:9)
  2 adder skeletons (D:6)
  5 worms
  8 leopard geckos
  45 orcs
  4 giant cockroaches
  7 goblins
  3 hobgoblins
  9 jackals
  5 quokkas
  6 ball pythons
  10 bats
  7 frilled lizards
  20 kobolds
  A leopard gecko zombie (D:3)
  A quokka skeleton (D:6)
  11 rats
314 creatures vanquished.

Vanquished Creatures (others)
  2 fungi (Lair:2)
2 creatures vanquished.

Grand Total: 316 creatures vanquished

Notes
Turn   | Place    | Note
-------+----------+-------------------------------------------
     0 | D:1      | Flugkiller the Tengu Fire Elementalist began the quest for
                  | the Orb.
     0 | D:1      | Reached XP level 1. HP: 10/10 MP: 4/4
   173 | D:1      | Reached XP level 2. HP: 15/15 MP: 4/6
   988 | D:2      | Reached XP level 3. HP: 19/19 MP: 3/7
  1406 | D:2      | Found a stormy altar of Qazlal.
  1906 | D:3      | Reached XP level 4. HP: 24/24 MP: 6/9
  2624 | D:3      | Gained mutation: You can fly. [Tengu growth]
  2624 | D:3      | Reached XP level 5. HP: 28/28 MP: 8/11
  2645 | D:3      | Found an opulent altar of Gozag.
  3306 | D:4      | Noticed a phantom
  3318 | D:4      | Noticed a centaur
  3427 | D:4      | Found a glowing drain.
  3508 | Sewer    | Entered a sewer
  4436 | D:4      | Found a radiant altar of Vehumet.
  4446 | D:4      | Found a basalt altar of Yredelemnul.
  4455 | D:4      | Became a worshipper of Vehumet
  4598 | D:4      | Reached XP level 6. HP: 29/32 MP: 10/13
  4687 | D:4      | Learned a level 3 spell: Conjure Flame
  4692 | D:4      | Learned a level 4 spell: Sticky Flame
  4698 | D:4      | Learned a level 5 spell: Fireball
  4758 | D:4      | HP: 1/32 [poisoned by an adder]
  5121 | D:4      | Reached skill level 5 in Fire Magic
  5121 | D:4      | Reached XP level 7. HP: 36/36 MP: 6/15
  5248 | D:4      | Reached skill level 5 in Conjurations
  5600 | D:4      | Reached skill level 5 in Spellcasting
  5798 | D:5      | Entered Level 5 of the Dungeon
  5904 | D:5      | Found Baabrass's Jewellery Shoppe.
  5929 | D:5      | Found Colot's Assorted Antiques.
  5941 | D:5      | Bought a scroll of identify for 34 gold pieces
  6040 | D:5      | Found Uloqyunk's Jewellery Shoppe.
  6209 | D:5      | Found a shimmering altar of Xom.
  6220 | D:5      | Found Vupuffoo's Magic Scroll Emporium.
  6228 | D:5      | Bought a scroll of teleportation for 30 gold pieces
  6228 | D:5      | Bought a scroll of teleportation for 30 gold pieces
  6300 | D:5      | Reached XP level 8. HP: 41/41 MP: 14/17
  6356 | D:5      | Paralysed by a crimson imp for 2 turns
  6362 | D:5      | Paralysed by a crimson imp for 3 turns
  6863 | D:5      | Found a sparkling altar of Nemelex Xobeh.
  7413 | D:6      | Reached * piety under Vehumet
  7413 | D:6      | Offered knowledge of Shock by Vehumet.
  7657 | D:6      | Learned a level 1 spell: Shock
  7773 | D:6      | Reached skill level 1 in Air Magic
  7905 | D:6      | Found a shimmering altar of Xom.
  7966 | D:6      | Found a snail-covered altar of Cheibriados.
  8239 | D:7      | Reached XP level 9. HP: 45/45 MP: 9/19
  8345 | D:7      | Found a hide-covered altar of Uskayaw.
  8353 | D:7      | Found a transporter.
  8500 | D:7      | Found a roughly hewn altar of Beogh.
  8500 | D:7      | Found a transporter.
  8612 | D:7      | Noticed Pikel
  8836 | D:7      | Killed Pikel
  9071 | D:7      | Found a staircase to the Ecumenical Temple.
  9448 | D:8      | Found an ornate altar of the Wu Jian Council.
  9456 | D:8      | Offered knowledge of Freeze by Vehumet.
  9493 | D:8      | Reached XP level 10. HP: 51/51 MP: 19/22
  9502 | D:8      | Reached ** piety under Vehumet
  9513 | D:8      | Reached skill level 10 in Conjurations
  9516 | D:8      | Reached skill level 1 in Fighting
 10049 | D:8      | Found a blossoming altar of Fedhas.
 10065 | D:8      | Found a staircase to the Lair.
 10095 | D:8      | Found Ofacyel's Assorted Antiques.
 10269 | Lair:1   | Entered Level 1 of the Lair of Beasts
 11285 | Lair:1   | Noticed a spiny frog
 11310 | Lair:1   | Killed a spiny frog
 11858 | D:9      | Noticed Erica
 11858 | D:9      | Noticed Grum
 11869 | D:9      | Reached skill level 5 in Dodging
 11869 | D:9      | Reached skill level 10 in Fire Magic
 12087 | D:9      | Found a roughly hewn altar of Beogh.
 12087 | D:9      | Found a staircase to the Orcish Mines.
 12215 | D:9      | Noticed Prince Ribbit
 12229 | D:9      | Offered knowledge of Ignite Poison by Vehumet.
 12251 | D:9      | Killed Prince Ribbit
 12251 | D:9      | Reached XP level 11. HP: 45/62 MP: 14/24
 12546 | D:9      | Reached *** piety under Vehumet
 12585 | D:9      | Killed Erica
 12585 | D:9      | Reached skill level 5 in Fighting
 12867 | D:9      | Reached skill level 1 in Armour
 13116 | D:9      | Offered knowledge of Iskenderun's Mystic Blast by Vehumet.
 13339 | D:9      | Killed Grum
 13591 | D:9      | Found a sacrificial altar of Ru.
 13673 | D:10     | Entered Level 10 of the Dungeon
 14180 | D:10     | Noticed a glowing orange brain
 14193 | D:10     | Killed a glowing orange brain
 14246 | D:10     | Reached **** piety under Vehumet
 14387 | D:10     | Offered knowledge of Force Lance by Vehumet.
 14400 | D:10     | Got a pair of faintly glowing boots
 14774 | D:11     | Reached skill level 10 in Spellcasting
 15318 | Lair:2   | Noticed a four-headed hydra
 15354 | Lair:1   | Reached skill level 5 in Armour
 15557 | Lair:2   | Reached XP level 12. HP: 47/70 MP: 16/27
 15653 | Lair:2   | Slain by a torpor snail

Vault maps used:
D:1:      erik_arrival_triangle_medium
D:2:      marbit_many_paths, first_ration, minmay_tromino_mix6
D:3:      grunt_gozag_breadcrumbs, st_stairs_9
D:4:      minitemple, cheibrodos_sewer_entry_sluice, moated_statue
D:5:      kennysheep_mini, led_xom_imps, serial_shops, shop, shop,
          nicolae_shop_crystal, nicolae_shop_waterfront, minmay_misc_feat_cross
D:6:      kennysheep_mini_moat, basic_altar
D:7:      gammafunk_beogh_shrine, overflow_temple_1_default,
          minmay_temple_entry_overgrown, uniq_pikel
D:8:      old_standard_altar, fedhas_altar_2, lair_entry_dummy, serial_shops,
          shop, blue_anna_alchemist
D:9:      nicolae_overflow_hidden_temple, david_orc_5, uniq_erica,
          uniq_prince_ribbit1, uniq_grum
Lair:2:   shoals_dummy_entry
Sewer:    sewer_co_scattered_pipes

Skill      XL: |  1  2  3  4  5  6  7  8  9 10 11 |
---------------+----------------------------------+-----
Conjurations   | 2 3 4 6 8 9 10 | 10.5
Spellcasting   | 3 4 5 6 7 8 10 | 10.0
Fire Magic     | 4 5 6 7 9 10 | 10.4
Air Magic      | 2 |  2.2
Fighting       | 4 6 |  6.0
Dodging        | 5 6 |  6.9
Armour         | 5 |  5.5
Stealth        | |  2.0

Action                   |  1- 3 |  4- 6 |  7- 9 | 10-12 || total
-------------------------+-------+-------+-------+-------++-------
Melee: Unarmed           |     3 |       |       |       ||     3
       Dagger            |       |    16 |    66 |     8 ||    90
       Trident           |       |     3 |       |       ||     3
       Kick              |       |     2 |    17 |     1 ||    20
       Peck              |       |       |     5 |       ||     5
 Cast: Flame Tongue      |    63 |   116 |   173 |   335 ||   687
       Conjure Flame     |       |     1 |     3 |    11 ||    15
       Sticky Flame      |       |       |    17 |    44 ||    61
       Fireball          |       |       |     5 |    16 ||    21
       Shock             |       |       |     3 |     5 ||     8
Evoke: Wand              |       |       |     5 |     3 ||     8
  Use: Scroll            |       |     6 |    11 |     8 ||    25
 Stab: Sleeping          |       |     2 |       |       ||     2
       Invisible         |       |       |     4 |       ||     4
  Eat: Chunk             |     4 |     9 |    15 |    19 ||    47
       Ration            |       |       |     1 |     2 ||     3
Armor: Robe              |    22 |    12 |    32 |    28 ||    94
       Leather armour    |       |       |       |     5 ||     5
Dodge: Dodged            |    31 |    60 |    80 |   123 ||   294

Table legend:
 A = Non-vault XP
 B = Vault XP
 C = Vault XP percentage of total XP
 D = Non-vault monster count
 E = Vault monster count
 F = Vault count percentage of total count
                 A         B        C        D         E       F
            +---------+---------+-------+---------+---------+-------
      Total |   15185 |    3539 |  18.9 |     244 |      68 |  21.8
            +---------+---------+-------+---------+---------+-------
        D:1 |      30 |       0 |   0.0 |      19 |       0 |   0.0
        D:2 |      41 |       4 |   8.9 |      19 |       3 |  13.6
        D:3 |     105 |      20 |  16.0 |      19 |       3 |  13.6
        D:4 |     718 |      14 |   1.9 |      19 |       4 |  17.4
        D:5 |     192 |     200 |  51.0 |      12 |       4 |  25.0
        D:6 |     854 |       0 |   0.0 |      24 |       0 |   0.0
        D:7 |    1412 |     641 |  31.2 |      21 |       1 |   4.5
        D:8 |    1387 |      95 |   6.4 |      24 |       1 |   4.0
        D:9 |    2061 |    2508 |  54.9 |      27 |      30 |  52.6
       D:10 |    2651 |       0 |   0.0 |      26 |       0 |   0.0
       D:11 |     245 |       0 |   0.0 |       4 |       0 |   0.0
     Lair:1 |    2790 |       0 |   0.0 |      17 |       0 |   0.0
     Lair:2 |    2699 |       0 |   0.0 |      13 |       0 |   0.0
      Sewer |       0 |      57 | 100.0 |       0 |      22 | 100.0
            +---------+---------+-------+---------+---------+-------
